 Dungeon Crawl Stone Soup version 0.18.1-6-gd335043 (webtiles) character file.

669 IcyTea the Tainter (level 7, -2/32 HPs)
             Began as a Spriggan Venom Mage on May 16, 2016.
             Slain by a gnoll
             ... wielding a +0 spear
              (8 damage)
             ... on level 5 of the Dungeon.
             The game lasted 00:27:47 (5479 turns).

IcyTea the Tainter (Spriggan Venom Mage)            Turns: 5479, Time: 00:27:47

Health: -2/32      AC:  4    Str: 11    XL:     7   Next: 32%
Magic:  3/15       EV: 18    Int: 17    God:
Gold:   266        SH:  0    Dex: 16    Spells: 4 memorised, 3 levels left

rFire  . . .     SeeInvis +     i - +1 dagger
rCold  + . .     Gourm    .     a - +0 robe
rNeg   . . .     Faith    .     (shield restricted)
rPois  .         Spirit   .     (helmet restricted)
rElec  +         Dismiss  .     g - +1 cloak
rCorr  +         Reflect  .     (gloves unavailable)
SustAt .         Harm     .     (boots unavailable)
MR     +....                    (no amulet)
Stlth  ++........               (no ring)
                                o - ring of resist corrosion

@: mighty, very quick, somewhat resistant to hostile enchantments, unstealthy
A: unfitting armour, hooves 1, see invisible, cold resistance 1, herbivore 3,
speed 3, high mp 1, electricity resistance, slow metabolism 2
a: no special abilities


You were on level 5 of the Dungeon.
You were not hungry.

You visited 1 branch of the dungeon, and saw 5 of its levels.

You collected 266 gold pieces.

Inventory:

Hand Weapons
 i - a +1 dagger (weapon)
Missiles
 k - 10 poisoned needles
 p - 7 tomahawks (quivered)
Armour
 a - a +0 robe (worn)
 g - a +1 cloak (worn)
Jewellery
 o - a ring of resist corrosion (left hand)
Scrolls
 d - 7 scrolls of identify
 f - 2 scrolls of fog
 h - 3 scrolls of remove curse
 j - a scroll of enchant weapon
 n - 2 scrolls of recharging
Books
 b - a Young Poisoner's Handbook

   Spells                             Type                      Level
   a - Sting                          Conjuration/Poison           1
   b - Cure Poison                    Poison                       2
   c - Mephitic Cloud                 Conjuration/Poison/Air       3
   d - Olgreb's Toxic Radiance        Poison                       4
   e - Venom Bolt                     Conjuration/Poison           5
 m - a book of Transfigurations

   Spells                             Type                      Level
   a - Irradiate                      Conjuration/Transmutation    5
   b - Statue Form                    Transmutation/Earth          6
   c - Hydra Form                     Transmutation                6
   d - Dragon Form                    Transmutation                7
 t - a book of Alchemy

   Spells                             Type                      Level
   a - Sublimation of Blood           Necromancy                   2
   b - Ignite Poison                  Fire/Transmutation/Poison    3
   c - Petrify                        Transmutation/Earth          4
   d - Alistair's Intoxication        Transmutation/Poison         5
   e - Irradiate                      Conjuration/Transmutation    5
Comestibles
 c - 2 bread rations
 q - a slice of pizza


   Skills:
 - Level 3.0 Dodging
 - Level 3.0 Stealth
 - Level 4.2 Spellcasting
 - Level 1.2 Conjurations
 - Level 1.5 Air Magic
 + Level 8.0 Poison Magic


You had 3 spell levels left.
You knew the following spells:

 Your Spells              Type           Power        Failure   Level  Hunger
a - Sting                 Conj/Pois      ###.         2%          1    None
b - Cure Poison           Pois           ####......   1%          2    ##.....
c - Mephitic Cloud        Conj/Pois/Air  ###.....     12%         3    ###....
d - Venom Bolt            Conj/Pois      ###.......   71%         5    ######.


Dungeon Overview and Level Annotations

Branches:
Dungeon (5/15)
 Temple: D:4-7

Altars:
Cheibriados
Fedhas
Vehumet

Annotations:
D:2 exclusion: oklob plant
D:4 IcyTea's ghost, novice OpAr


Innate Abilities, Weirdness & Mutations

You are tiny and cannot use many weapons and most armour.
You have supernaturally acute eyesight.
You are a herbivore.
You cover ground extremely quickly.
You need consume almost no food.
You have large cloven feet.
Your flesh is cold resistant.
You have an increased reservoir of magic (+10% MP).
You are resistant to electric shocks.


Message History

The giant frog skeleton completely misses you.
Drink which item? (? for menu, Esc to quit)
You feel very mighty all of a sudden. The gnoll closely misses you.
The giant frog skeleton closely misses you.
You puncture the giant frog skeleton!
You destroy the giant frog skeleton!
Your Poison Magic skill increases to level 8!
The crimson imp blinks!
The gnoll completely misses you.
You puncture the crimson imp!
The crimson imp is heavily wounded.
The crimson imp closely misses you.
The gnoll hits you from afar with a spear!
* * * LOW HITPOINT WARNING * * *
You closely miss the crimson imp.
You kick the crimson imp, but do no damage.
The crimson imp is heavily wounded.
The crimson imp hits you but does no damage.
The gnoll hits you from afar with a spear!
You die...

#................a....
#..............#####
#....<.........#
#..............#
#####.######g### #.#
#a# #.## #g#
#..#####.# ##....##@#
####.##5# #.##.#
#.5..# #. ###.####
#...###....#
#......#(.#
#####†.##..#
#####...##...


You could see a worker ant, 2 gnolls and a crimson imp.

Vanquished Creatures
  2 ogres (D:4)
  A scorpion (D:3)
  A howler monkey (D:4)
  A giant frog zombie (D:5)
  A centaur skeleton (D:4)
  2 giant frog skeletons
  A gnoll shaman (D:5)
  An iguana (D:4)
  4 worker ants
  A hound skeleton (D:4)
  A gnoll (D:5)
  5 adders
  An ooze (D:3)
  2 worms
  2 dart slugs
  2 giant geckos
  4 giant cockroaches
  8 goblins
  6 hobgoblins
  3 jackals (D:3)
  6 kobolds
  3 quokkas
  A ball python (D:3)
  A ball python skeleton (D:4)
  3 bats
  3 giant newts
  10 rats
76 creatures vanquished.

Notes
Turn   | Place    | Note
--------------------------------------------------------------
     0 | D:1      | IcyTea the Spriggan Venom Mage began the quest for the Orb.
     0 | D:1      | Reached XP level 1. HP: 9/9 MP: 5/5
   172 | D:1      | Reached XP level 2. HP: 11/13 MP: 4/6
   293 | D:1      | Gained mutation: Your flesh is cold resistant. [potion of mutation]
   293 | D:1      | Gained mutation: You tend to lose your temper in combat. [potion of mutation]
   293 | D:1      | Gained mutation: You have an increased reservoir of magic (+10% MP). [potion of mutation]
   318 | D:1      | Learned a level 2 spell: Cure Poison
  1030 | D:2      | Reached skill level 5 in Poison Magic
  1033 | D:2      | Reached XP level 3. HP: 10/16 MP: 0/8
  1485 | D:2      | Found a radiant altar of Vehumet.
  1506 | D:2      | Found a snail-covered altar of Cheibriados.
  1522 | D:2      | Learned a level 3 spell: Mephitic Cloud
  1524 | D:2      | Gained mutation: You are resistant to electric shocks. [potion of mutation]
  1626 | D:2      | Found a blossoming altar of Fedhas.
  1644 | D:2      | Noticed an oklob plant
  2160 | D:3      | Noticed a scorpion
  2270 | D:3      | Killed a scorpion
  2270 | D:3      | Reached skill level 6 in Poison Magic
  2270 | D:3      | Reached XP level 4. HP: 21/21 MP: 0/9
  2934 | D:3      | Reached skill level 1 in Air Magic
  2934 | D:3      | Reached XP level 5. HP: 24/24 MP: 10/10
  3442 | D:3      | Lost mutation: You tend to lose your temper in combat. [potion of mutation]
  3442 | D:3      | Gained mutation: You have large cloven feet. [potion of mutation]
  3537 | D:4      | Noticed IcyTea's ghost (novice OpAr)
  3947 | D:4      | Learned a level 5 spell: Venom Bolt
  4176 | D:4      | Reached skill level 1 in Conjurations
  4176 | D:4      | Reached XP level 6. HP: 28/28 MP: 6/14
  4955 | D:4      | Reached skill level 7 in Poison Magic
  4984 | D:4      | Reached XP level 7. HP: 30/32 MP: 0/15
  5115 | D:5      | Entered Level 5 of the Dungeon
  5475 | D:5      | Reached skill level 8 in Poison Magic
  5479 | D:5      | Slain by a gnoll

Skill      XL: |  1  2  3  4  5  6  7 |
---------------+----------------------+-----
Poison Magic   | 5 6 7 8 |  8.0
Air Magic      | 1 |  1.5
Spellcasting   | 4 |  4.2
Conjurations   | 1 |  1.2
Dodging        | |  3.0
Stealth        | |  3.0

Action                   |  1- 3 |  4- 6 |  7- 9 || total
-------------------------+-------+-------+-------++-------
Melee: Club              |    30 |       |       ||    30
       Dagger            |    61 |    99 |    27 ||   187
       Kick              |       |    16 |     6 ||    22
Throw: Tomahawk          |       |    14 |       ||    14
 Cast: Sting             |    59 |    67 |    15 ||   141
       Cure Poison       |     1 |     1 |     1 ||     3
       Mephitic Cloud    |     2 |     4 |     3 ||     9
  Use: Scroll            |     7 |     4 |     2 ||    13
       Potion            |     5 |     2 |     5 ||    12
 Stab: Sleeping          |     6 |     2 |     1 ||     9
       Distracted        |       |     1 |       ||     1
  Eat: Bread ration      |       |     1 |       ||     1
Armor: Robe              |    12 |    11 |     6 ||    29
Dodge: Dodged            |    98 |   109 |    60 ||   267
